 Dungeon Crawl Stone Soup version 0.24-a0-446-g87df7205b4 (webtiles) character file.

Game seed: 535636872808637855

369 forest the Covert (level 6, -5/30 HPs)
             Began as a Spriggan Assassin on June 23, 2019.
             Slain by a gnoll
             ... wielding a +0 spear
              (10 damage)
             ... on level 4 of the Dungeon.
             The game lasted 00:12:18 (6325 turns).

forest the Covert (Spriggan Assassin)               Turns: 6325, Time: 00:12:19

Health: -5/30      AC:  3    Str:  8    XL:     6   Next: 41%
Magic:  7/7        EV: 19    Int: 13    God:
Gold:   288        SH:  0    Dex: 18    Spells: 5/5 levels left

rFire    . . .     SeeInvis +   n - +0 rapier
rCold    . . .     Gourm    .   (shield restricted)
rNeg     + . .     Faith    .   b - +0 robe
rPois    .         Spirit   .   (helmet restricted)
rElec    .         Reflect  .   c - +0 cloak
rCorr    .         Harm     .   (gloves unavailable)
MR       ++...                  (boots unavailable)
Stlth    ++++......             (no amulet)
HPRegen  0.10/turn              s - ring of protection from magic
MPRegen  0.10/turn              o - ring of positive energy

@: very quick
A: very small, unfitting armour, see invisible, herbivore, speed 3, slow
metabolism 2
a: no special abilities


You were on level 4 of the Dungeon.
You were not hungry.

You visited 1 branch of the dungeon, and saw 4 of its levels.

You collected 288 gold pieces.

Inventory:

Hand Weapons
 a - a +2 dagger
 n - a +0 rapier (weapon)
Missiles
 e - a curare-tipped dart (quivered)
 k - 58 stones
 l - 3 sling bullets
Armour
 b - a +0 robe (worn)
 c - a +0 cloak (worn)
Jewellery
 o - a ring of positive energy (right hand)
 s - a ring of protection from magic (left hand)
 w - an uncursed amulet of the acrobat
Wands
 r - a wand of disintegration (17)
Scrolls
 h - 3 scrolls of fear {unknown}
 i - 4 scrolls of fog {unknown}
 m - 3 scrolls of teleportation {unknown}
 u - a scroll of magic mapping
Potions
 g - a potion of invisibility
 j - a potion of might
 p - 3 potions of curing
 q - a potion of heal wounds {unknown}
 t - a potion of flight {unknown}
 v - 2 potions of haste {unknown}
Comestibles
 f - 4 rations


   Skills:
 + Level 2.2 Fighting
 + Level 4.2 Short Blades
 + Level 3.0 Throwing
 + Level 3.8 Dodging
 + Level 8.6 Stealth


You had 5 spell levels left.
You didn't know any spells.
Your spell library was empty.

Dungeon Overview and Level Annotations

Branches:
Dungeon (4/15)
 Temple: D:4-7

Altars:
Elyvilon
Yredelemnul


Innate Abilities, Weirdness & Mutations

You are very small and have problems with some larger weapons.
You are too small for most types of armour.
You have supernaturally acute eyesight. (SInv)
You are a herbivore.
You cover ground extremely quickly.
You need to consume almost no food.


Message History

a gnoll corpse You hit the gnoll.
The gnoll is moderately wounded.
The gnoll barely misses you.
You hit the gnoll but do no damage.
The gnoll is moderately wounded.
The gnoll hits you with a +0 spear.
You hit the gnoll.
The gnoll is heavily wounded.
The gnoll hits you with a +0 spear.
You hit the gnoll.
The gnoll is severely wounded.
The gnoll barely misses you.
You barely miss the gnoll.
The gnoll is severely wounded.
The gnoll hits you with a +0 spear!
* * * LOW HITPOINT WARNING * * *
There is a stone staircase leading up here.
The gnoll hits you from afar with a +0 spear!
You die...

#.#.......###.##.....#
#.#
#.######g.....##########
#.# #.# #..##### #...#
#.# #.# ##.# #####.#.#
#.# #.# #.#
#.....#.#####.# ..# #.#
#.....#)...##.# #.#
#..#######....#
#.######.....#....####
#.รท.ggg)@###.#.####
########## #.#.# #...#
#####


You could see 3 gnolls.

Vanquished Creatures
  2 hounds
  A jelly (D:3)
  2 orc wizards (D:4)
  An iguana (D:4)
  A gnoll shaman (D:4)
  2 gnolls (D:4)
  7 adders
  3 dart slugs
  A leopard gecko (D:4)
  17 orcs
  3 giant cockroaches (D:3)
  5 goblins
  2 hobgoblins
  5 jackals
  9 kobolds
  A ball python (D:4)
  5 bats
  3 frilled lizards
  4 rats
74 creatures vanquished.

Notes
Turn   | Place    | Note
-------+----------+-------------------------------------------
     0 | D:1      | forest the Spriggan Assassin began the quest for the Orb.
     0 | D:1      | Reached XP level 1. HP: 10/10 MP: 2/2
    13 | D:1      | Reached skill level 6 in Stealth
   239 | D:1      | Reached XP level 2. HP: 14/14 MP: 3/3
   880 | D:2      | Reached skill level 7 in Stealth
   899 | D:2      | Reached XP level 3. HP: 2/18 MP: 4/4
  1357 | D:2      | Found a white marble altar of Elyvilon.
  1419 | D:2      | Found a basalt altar of Yredelemnul.
  1784 | D:3      | Reached XP level 4. HP: 22/23 MP: 5/5
  2704 | D:3      | Reached skill level 8 in Stealth
  2814 | D:3      | Reached XP level 5. HP: 12/26 MP: 6/6
  3249 | D:4      | Noticed a phantom
  4801 | D:4      | Reached XP level 6. HP: 30/30 MP: 7/7
  6325 | D:4      | Slain by a gnoll

Levels and vault maps discovered:
D:1:      lightli_arrival_boilingwater, layout_rooms, skrybe_limestone_x,
          minmay_split_cup_large
D:2:      layout_loops_ring, kennysheep_ying_yang
D:3:      minmay_spotlight, layout_loops_ring, corexii_item_surrounded_by_moat
D:4:      layout_loops_cross, first_ration, corner_web_ring, bloody_makhleb

Skill      XL: |  1  2  3  4  5  6 |
---------------+-------------------+-----
Stealth        | 6 7 8 |  8.6
Dodging        | 2 3 |  3.8
Short Blades   | 3 4 |  4.2
Fighting       | 2 |  2.2
Throwing       | 3 |  3.0

Action                   |  1- 3 |  4- 6 || total
-------------------------+-------+-------++-------
Melee: Dagger            |    93 |   163 ||   256
       Rapier            |       |    74 ||    74
Throw: Dart              |     3 |    37 ||    40
  Use: Scroll            |     2 |     2 ||     4
 Stab: Sleeping          |     8 |     6 ||    14
       Distracted        |       |     2 ||     2
  Eat: Ration            |       |     2 ||     2
Armor: Robe              |    19 |    17 ||    36
Dodge: Dodged            |    80 |   195 ||   275

Table legend:
 A = Non-vault XP
 B = Vault XP
 C = Vault XP percentage of total XP
 D = Non-vault monster count
 E = Vault monster count
 F = Vault count percentage of total count
                 A         B        C        D         E       F
            +---------+---------+-------+---------+---------+-------
      Total |     504 |      24 |   4.5 |      67 |       7 |   9.5
            +---------+---------+-------+---------+---------+-------
        D:1 |      11 |       8 |  42.1 |       5 |       4 |  44.4
        D:2 |      73 |       0 |   0.0 |      13 |       0 |   0.0
        D:3 |     153 |      16 |   9.5 |      25 |       3 |  10.7
        D:4 |     267 |       0 |   0.0 |      24 |       0 |   0.0
            +---------+---------+-------+---------+---------+-------
